 Dungeon Crawl Stone Soup version 0.31.0-11-ge490571c62 (webtiles) character file.

Game seed: 84472633121239450

1407 Killerpretzel the Changeling (level 8, 0/81 HPs)
             Began as an Octopode Shapeshifter on Feb 8, 2024.
             Was an Initiate of Gozag.
             Succumbed to an orc warrior's poison
             ... on level 7 of the Dungeon on Feb 9, 2024.
             The game lasted 00:24:52 (6362 turns).

Killerpretzel the Changeling (OpSh)                 Turns: 6362, Time: 00:24:53

Health: 0/81       AC: 24    Str: 13    XL:     8   Next: 70%
Magic:  8/8        EV:  2    Int: 12    God:    Gozag
Gold:   573        SH:  0    Dex: 14    Spells: 7/7 levels left

rFire   . . .        l - +0 rapier (elec)
rCold   + . .        (no shield)
rNeg    + + .        (helmet currently unavailable)
rPois   +            e - amulet of the acrobat
rElec   .            u - ring of positive energy
rCorr   +            w - ring of resist corrosion
SInv    .            y - ring of protection from cold
Will    .....        C - ring of positive energy
Stlth   +            (no ring)
HPRegen 0.33/turn    (no ring)
MPRegen 0.11/turn    (no ring)
                     (no ring)

%: acrobat
@: lethally poisoned (0 -> -3), tree-form, invisible
A: stationary, stasis, torment immunity, boosted hp, almost no armour,
(amphibious), 8 rings, (camouflage 1), (gelatinous body 1), (nimble swimmer 1),
(tentacles)
a: Renounce Religion, Potion Petition, Call Merchant, Bribe Branch


You were on level 7 of the Dungeon.
You worshipped Gozag.
Gozag was pleased with you.
You were a tree.
You visited 2 branches of the dungeon, and saw 8 of its levels.

You collected 652 gold pieces.
You paid 79 gold pieces to Gozag.

Inventory:

Hand Weapons
 l - a +0 rapier of electrocution (weapon)
Jewellery
 e - an amulet of the acrobat (around neck)
 m - an amulet of magic regeneration
 r - an amulet of faith
 u - a ring of positive energy (left branch)
 w - a ring of resist corrosion (right branch)
 y - a ring of protection from cold (on tentacle)
 C - a ring of positive energy (on tentacle)
Talismans
 b - a beast talisman
 c - a flux talisman
Wands
 h - a wand of mindburst (17)
 o - a wand of flame (30)
Scrolls
 j - 2 scrolls of teleportation
 k - 2 scrolls of blinking
 D - 2 scrolls of identify
Potions
 a - a potion of lignification
 f - 2 potions of enlightenment
 g - 4 potions of brilliance
 p - 3 potions of haste {unknown}
 s - a potion of heal wounds {unknown}
 t - a potion of mutation {unknown}
 x - a potion of cancellation {unknown}
 z - 3 potions of might {unknown}
 A - 3 potions of curing {unknown}
 B - a potion of attraction {unknown}
Miscellaneous
 v - a tin of tremorstones (2/2)


   Skills:
 + Level 4.6 Fighting
 + Level 5.0 Dodging
 + Level 5.5 Unarmed Combat
 * Level 6.7 Shapeshifting


You had 7 spell levels left.
You didn't know any spells.
Your spell library contained the following spells:

 Spells                   Type           Power      Damage    Failure   Level
 Kiss of Death            Conj/Necr      0%         2d5       32%         1
 Sandblast                Erth           0%         2d4       32%         1
 Slow                     Hex            0%         N/A       32%         1
 Confusing Touch          Hex            0%         N/A       69%         3
 Passwall                 Erth           0%         N/A       69%         3
 Sigil of Binding         Hex            0%         N/A       69%         3
 Stone Arrow              Conj/Erth      0%         3d7       69%         3
 Tukima's Dance           Hex            0%         N/A       69%         3
 Vampiric Draining        Necr           0%         2d6       69%         3
 Brom's Barrelling Bould  Conj/Erth      0%         2d3       97%         4
 Dimensional Bullseye     Hex/Tloc       0%         N/A       97%         4
 Dispel Undead            Necr           0%         3d6       97%         4
 Iskenderun's Mystic Bla  Conj/Tloc      0%         2d3       97%         4
 Leda's Liquefaction      Alch/Erth      0%         N/A       97%         4
 Lee's Rapid Deconstruct  Erth           0%         3d4*      100%        5
 Bombard                  Conj/Erth      0%         9d1       100%        6
 Malign Gateway           Summ/Tloc      0%         N/A       100%        7
 Summon Horrible Things   Summ           0%         N/A       100%        8


Dungeon Overview and Level Annotations

Branches:
Dungeon (7/15)             Temple (1/1) D:4

Altars:
Ashenzari
Cheibriados
Dithmenos
Elyvilon
Fedhas
Gozag
Hepliaklqana
Kikubaaqudgha
Makhleb
Nemelex Xobeh
Okawaru
Qazlal
Ru
Sif Muna
Trog
Uskayaw
Vehumet
Xom
Yredelemnul
Zin
The Shining One

Shops:
D:1 [   D:4 =:[

Annotations:
D:4 7 runed translucent doors, exclusion: 7 doors, lis82's ghost, amateur DgIE


Innate Abilities, Weirdness & Mutations

You are a tree.
Your roots penetrate the ground, keeping you stationary.
You cannot be teleported.
You are immune to unholy pain and torment.
Your maximum health is greatly increased.
You cannot wear most types of armour.
((You are amphibious.))
You can wear up to eight rings at the same time.
((Your skin changes colour to match your surroundings (Stealth+).))
((Your rubbery body absorbs attacks. (AC +1, EV +1)))
((You are camouflaged when in or above water. (Stealth+)))
((You have tentacles for arms and can constrict up to eight enemies at once.))


Message History

The orc is distracted by your dazzling golden aura.
There are monsters nearby!
You feel very sick.
Your transformation has ended.
You turn into a tree.
Your roots penetrate the ground.
You feel very sick.
The orc warrior hits you with a +2 flail of venom.
* * * LOW HITPOINT WARNING * * *
The orc hits you but does no damage.
Okay, then.
You barely miss the orc warrior.
The orc warrior is almost dead.
You feel very sick.
The orc warrior hits you but does no damage.
You are lethally poisoned!
The orc hits you but does no damage.
You hit the orc warrior.
Lightning courses through the orc warrior!
You kill the orc warrior!
* * * LOW HITPOINT WARNING * * *
You feel very sick. The orc hits you but does no damage.
Your Dodging skill increases to level 5!
* * * LOW HITPOINT WARNING * * *
You feel very sick. The orc hits you but does no damage.
* * * LOW HITPOINT WARNING * * *
You feel very sick. The orc hits you but does no damage.
* * * LOW HITPOINT WARNING * * *
You feel sick. The orc hits you but does no damage.
* * * LOW HITPOINT WARNING * * *
You feel sick. The orc hits you but does no damage.
* * * LOW HITPOINT WARNING * * *
You feel sick. The orc hits you but does no damage.
You cannot blink because you are held in place by your roots.
Okay, then.
You fade into invisibility!
You die...
Your body crumbles into a pile of gold.

#..# #.## #.#
#.# ## ##.#
..# #..# ###..
#..##### ...
##~..~..###o#
#[..~..~..♣$.#
#.#~~_≈~##.###
#.#~..≈.##.# #
#...~~...#
##........
......#### ##.
..#.####
#..... .##.
..#


You could see an orc (unable to see you).

Vanquished Creatures
  A water moccasin (D:6)
  An orc warrior (D:7)
  2 black bears
  A centaur (D:4)
  2 bullfrogs (D:6)
  A scorpion (D:4)
  A bombardier beetle (D:4)
  3 hounds
  3 jellies
  An orc priest (D:6)
  3 iron imps (D:3)
  2 iguanas
  2 sleepcaps (D:6)
  2 orc wizards
  Ijyb (D:3)
  6 adders
  8 gnolls
  3 dart slugs
  3 ribbon worms
  9 orcs
  9 endoplasms
  5 giant cockroaches
  10 goblins
  9 hobgoblins
  10 jackals
  5 kobolds
  4 quokkas
  7 ball pythons
  4 bats
  5 frilled lizards
  10 rats
133 creatures vanquished.

Notes
Turn   | Place    | Note
-------+----------+-------------------------------------------
     0 | D:1      | Killerpretzel the Octopode Shapeshifter began the quest for
                  | the Orb.
     0 | D:1      | Reached XP level 1. HP: 13/13 MP: 1/1
   123 | D:1      | Reached XP level 2. HP: 15/18 MP: 2/2
   356 | D:1      | Found Viongur's Antique Armour Emporium.
   386 | D:1      | Reached XP level 3. HP: 23/23 MP: 3/3
  1169 | D:2      | Reached XP level 4. HP: 18/29 MP: 4/4
  1758 | D:2      | Reached skill level 4 in Shapeshifting
  1758 | D:2      | Reached XP level 5. HP: 34/34 MP: 5/5
  2197 | D:3      | Noticed Ijyb
  2205 | D:3      | Killed Ijyb
  2455 | D:3      | Found a burning altar of Makhleb.
  2478 | D:3      | Reached XP level 6. HP: 28/41 MP: 6/6
  3024 | D:3      | Found a white marble altar of Elyvilon.
  3032 | D:3      | Found a shimmering blue altar of Sif Muna.
  3358 | D:4      | Found a large runed translucent door.
  3358 | D:4      | Found a large runed translucent door.
  3399 | D:4      | Found a runed translucent gate.
  3400 | D:4      | Found a runed translucent gate.
  3400 | D:4      | Noticed lis82's ghost (amateur DgIE)
  3417 | D:4      | Found Vilem's Book Boutique.
  3419 | D:4      | Found Xeotiave's Jewellery Shoppe.
  3820 | D:4      | Found an iron altar of Okawaru.
  3845 | D:4      | Found a staircase to the Ecumenical Temple.
  3872 | Temple   | Entered the Ecumenical Temple
  3888 | Temple   | Became a worshipper of Gozag Ym Sagoz the Greedy
  3926 | D:4      | Found Cigyeruc's Antique Armour Boutique.
  3929 | D:4      | Found a large runed translucent door.
  3930 | D:4      | Found a large runed translucent door.
  3965 | D:4      | Reached skill level 5 in Shapeshifting
  3965 | D:4      | Reached XP level 7. HP: 41/46 MP: 7/7
  4066 | D:4      | Found a runed translucent gate.
  4615 | D:5      | Entered Level 5 of the Dungeon
  5426 | D:6      | Reached XP level 8. HP: 37/54 MP: 8/8
  5454 | D:6      | Reached skill level 5 in Unarmed Combat
  5536 | D:6      | Reached skill level 6 in Shapeshifting
  6332 | D:7      | Found a blossoming altar of Fedhas.
  6357 | D:7      | Reached skill level 5 in Dodging
  6359 | D:7      | HP: 3/81 [poisoned by an orc warrior]
  6361 | D:7      | HP: 1/81 [poisoned by an orc warrior]
  6362 | D:7      | Succumbed to an orc warrior's poison

Illustrated notes

Levels and vault maps discovered:
D:1:      minmay_arrival_radiant_lines, layout_loops_ring, serial_shops, shop
D:2:      layout_loops_ring, nicolae_concentric_dashed_squares_mild
D:3:      layout_basic, demons_altar, nicolae_overflow_hidden_temple,
          chequers_serial_rivers_small_b, uniq_ijyb
D:4:      layout_cave_pools, old_standard_altar, minmay_temple_entry_junction,
          gammafunk_ghost_nasty_kobolds, serial_shops,
          nicolae_shop_gibbet_a_chance, shop, shop,
          minmay_hollow_rounded_squares
D:5:      layout_loops_ring, nicolae_titane
D:6:      layout_basic, serial_glass, glass_columns_c, glass_columns_a,
          glass_columns_b, glass_columns_c, glass_columns_c, glass_columns_a,
          hangedman_decor_riveting
D:7:      layout_rooms, fedhas_altar_2
Temple:   regret_index_temple_sphere_string

Skill      XL: |  1  2  3  4  5  6  7  8 |
---------------+-------------------------+-----
Fighting       | 2 3 4 |  4.6
Shapeshifting  | 4 5 6 |  6.7
Dodging        | 3 4 5 |  5.0
Unarmed Combat | 4 5 |  5.5

Action                     |  1- 3 |  4- 6 |  7- 9 || total
---------------------------+-------+-------+-------++-------
  Melee: Unarmed           |    47 |       |       ||    47
         Constrict         |    18 |    29 |    20 ||    67
         Tentacles         |     8 |    22 |    22 ||    52
         Punch             |     3 |     5 |     2 ||    10
         Rapier            |    18 |    34 |     6 ||    58
         Dagger            |       |    55 |    60 ||   115
  Throw: Boomerang         |       |    63 |    65 ||   128
         Throwing net      |       |       |     1 ||     1
    Use: Scroll            |       |    10 |     1 ||    11
         Potion            |       |       |     2 ||     2
   Stab: Sleeping          |    11 |     8 |     1 ||    20
         Distracted        |       |     1 |       ||     1
 Armour: Skin              |    28 |    30 |    42 ||   100
  Dodge: Dodged            |    37 |    38 |    43 ||   118
